 Dungeon Crawl Stone Soup version 0.26.1-11-gd32895ea62 (webtiles) character file.

Game seed: 2086233750135705834

1330 pob the Poker (level 8, 0/61 HPs)
             Began as a Human Abyssal Knight on July 22, 2021.
             Was a Believer of Lugonu.
             Slain by a hornet (9 damage)
             ... on level 7 of the Dungeon.
             The game lasted 01:01:00 (6060 turns).

pob the Poker (Human Abyssal Knight)                Turns: 6060, Time: 01:01:01

Health: 0/61       AC: 10    Str: 16    XL:     8   Next: 91%
Magic:  8/8        EV:  9    Int: 12    God:    Lugonu [**....]
Gold:   152        SH:  8    Dex: 14    Spells: 5/7 levels left

rFire    . . .     SeeInvis .   s - +1 mace (venom)
rCold    . . .     Faith    .   d - +0 kite shield
rNeg     . . .     Spirit   .   c - +0 ring mail
rPois    .         Reflect  .   (helmet restricted)
rElec    .         Harm     .   v - +1 cloak
rCorr    .         Rampage  .   (no gloves)
Will     .....                  (no boots)
Stlth    +.........             (no amulet)
HPRegen  0.20/turn              (no ring)
MPRegen  0.11/turn              (no ring)

@: no status effects
A: hooves 1, horns 1, molten scales 1, agile 1, blurry vision 1, low mp 1
a: Renounce Religion, Depart the Abyss, Bend Space


You were on level 7 of the Dungeon.
You worshipped Lugonu.
Lugonu was pleased with you.
You visited 2 branches of the dungeon, and saw 8 of its levels.
You visited the Abyss 1 time.

You collected 362 gold pieces.
You spent 210 gold pieces at shops.

Inventory:

Hand Weapons
 a - a +1 spear
 f - a +0 shortbow
 s - a +1 mace of venom (weapon)
Missiles
 b - 54 arrows
 r - 21 poisoned darts
Armour
 c - a +0 ring mail (worn)
 d - a +0 kite shield (worn)
 o - a +0 barding
 v - a +1 cloak (worn)
Jewellery
 k - an uncursed amulet of the acrobat
 m - an uncursed ring of fire {unknown}
 u - a +6 ring of intelligence {unknown}
Wands
 e - a wand of acid (8)
 g - a wand of digging (5)
 h - a wand of random effects (12)
 l - a wand of enslavement (3)
Scrolls
 i - 2 scrolls of amnesia
 j - a scroll of fog
 n - 6 scrolls of teleportation
 t - 2 scrolls of fear
 x - 3 scrolls of enchant armour {unknown}
 y - a scroll of random uselessness
 z - a scroll of enchant weapon {unknown}
Potions
 p - a potion of attraction
 q - a potion of magic {unknown}
 w - a potion of haste {unknown}


   Skills:
 + Level 4.6 Fighting
 * Level 3.0(5.0) Axes
 + Level 3.7(4.9) Maces & Flails
 * Level 4.8(5.7) Polearms
 * Level 3.4(5.3) Staves
 + Level 4.3 Armour
 + Level 2.0 Dodging
 + Level 0.5 Stealth
 + Level 2.3 Shields
 + Level 0.2 Conjurations
 + Level 2.0 Invocations
 + Level 0.7 Evocations


You had 5 spell levels left.
You knew the following spells:

 Your Spells              Type           Power        Failure   Level
a - Corona                Hex            0%           97%         1
b - Shock                 Conj/Air       0%           96%         1

Your spell library contained the following spells:

 Spells                   Type           Power        Failure   Level
 Animate Skeleton         Necr           0%           97%         1
 Apportation              Tloc           0%           97%         1
 Summon Small Mammal      Summ           0%           97%         1
 Swiftness                Air            0%           99%         2
 Static Discharge         Conj/Air       0%           100%        3
 Airstrike                Air            0%           100%        4
 Bolt of Magma            Conj/Fire/Erth 0%           100%        5
 Iskenderun's Battlesphe  Conj           0%           100%        5
 Lightning Bolt           Conj/Air       0%           100%        5
 Iron Shot                Conj/Erth      0%           100%        6
 Orb of Destruction       Conj           0%           100%        7
 Spellforged Servitor     Conj/Summ      0%           100%        7


Dungeon Overview and Level Annotations

Branches:
Dungeon (7/15)             Temple (1/1) D:6

Altars:
Ashenzari
Cheibriados
Dithmenos
Elyvilon
Fedhas
Gozag
Hepliaklqana
Kikubaaqudgha
Nemelex Xobeh
Okawaru
Qazlal
Ru
Vehumet
Yredelemnul
Zin

Shops:
D:7 [


Innate Abilities, Weirdness & Mutations

You have large cloven feet.
You have a pair of small horns on your head.
You are partially covered in molten scales. (AC +2)
You are agile. (Dex +2)
Scrolls take you a little longer to read.
Your magical capacity is low. (-10% MP)


Message History

Press: ? - help, Shift-Dir - straight line, f - efreet
Aim: an efreet, wielding a +4 scimitar of flaming (10% to evade)
The bolt of acid hits the efreet!
The efreet is splashed with acid.
The efreet is heavily wounded.
The hornet stings you but does no damage.
You see here a yak corpse.
Aiming: Corrosive Bolt
Press: ? - help, Shift-Dir - straight line, f/p - efreet
Aim: an efreet, wielding a +4 scimitar of flaming (heavily wounded, 10% to evade)
The bolt of acid hits the efreet.
The efreet is splashed with acid.
The acid corrodes the efreet!
The efreet is almost dead.
The hornet stings you.
* * * LOW HITPOINT WARNING * * *
You feel yourself slow down. You block the hornet's attack.
You feel yourself speed up. The hornet barely misses you.
There is an open door, spattered with blood here.
The hornet stings you!
You die...

#.#.#.# #.+ #.#.#.# ###
#.#.#.### ........####
............ .....^..# ##
#### #### ........# #. ..#
♣..♣#..# ........#
..♣#.♣♣♣.#♣♣≈≈.#..#
#####...#
....#.@...#♣.≈≈.#..# #
#...#.....##y##.#♣..≈.#..#
# #.(.#(.. #R☼#.#♣♣♣..#..#
# #...#.♣♣ #.°#.#♣...♣#..#
# #(...♣.♣ ##°#.#♣♣♣.♣...#
#####.....♣ #†#..........#
.........♣.♣
#$###♣.♣♣♣...#
........#.♣♣ #.. ♣.P♣♣#..#
........#... #.. ♣.≈P♣#..#


You could see an efreet (corroded) and a hornet.

Vanquished Creatures
  A yak (D:7)
  Eustachio (D:6)
  A phantom (D:6)
  3 centaurs
  An ogre (D:6)
  2 bullfrogs (D:6)
  2 bullfrog zombies (D:7)
  A quasit (D:5)
  A hound (D:5)
  A bullfrog skeleton (D:5)
  An iguana (D:4)
  4 worker ants
  An orc wizard (D:5)
  A killer bee zombie (D:7)
  4 gnolls
  9 adders
  2 shadow imps (D:6)
  2 white imps
  2 adder skeletons (D:5)
  3 worms
  4 leopard geckos
  8 orcs
  4 bats
  5 giant cockroaches
  7 goblins
  6 hobgoblins
  A jackal (D:7)
  2 quokkas
  5 frilled lizards
  3 kobolds
  A quokka skeleton (D:5)
  8 rats
97 creatures vanquished.

Vanquished Creatures (collateral kills)
  An orc (D:5)
1 creature vanquished.

Vanquished Creatures (others)
  A leopard gecko (D:7)
  A plant (D:7)
2 creatures vanquished.

Grand Total: 100 creatures vanquished

Notes
Turn   | Place    | Note
-------+----------+-------------------------------------------
     0 | Abyss:1  | pob the Human Abyssal Knight began the quest for the Orb.
     0 | Abyss:1  | Reached XP level 1. HP: 18/18 MP: 2/2
     4 | D:1      | Escaped the Abyss
   102 | D:1      | Reached XP level 2. HP: 24/24 MP: 3/3
   137 | D:1      | Reached * piety under Lugonu
   191 | D:1      | Gained mutation: You are occasionally teleported next to
                  | monsters. [potion of mutation]
   191 | D:1      | Gained mutation: Scrolls take you a little longer to read.
                  | [potion of mutation]
   191 | D:1      | Gained mutation: You have large cloven feet. [potion of
                  | mutation]
   275 | D:1      | Reached XP level 3. HP: 12/29 MP: 4/4
   596 | D:2      | Learned a level 1 spell: Corona
   761 | D:2      | You fall into a shaft and drop 1 floor!
   846 | D:3      | Reached XP level 4. HP: 15/37 MP: 5/5
   995 | D:3      | Reached ** piety under Lugonu
  1044 | D:3      | Reached skill level 1 in Shields
  1508 | D:4      | Found a glowing silver altar of Zin.
  1514 | D:4      | Found a radiant altar of Vehumet.
  1522 | D:4      | Found a broken altar of Ashenzari.
  1605 | D:4      | Reached XP level 5. HP: 27/42 MP: 6/6
  1895 | D:4      | Learned a level 1 spell: Shock
  2222 | D:5      | Entered Level 5 of the Dungeon
  2231 | D:5      | Reached skill level 1 in Staves
  2342 | D:5      | Reached XP level 6. HP: 21/48 MP: 7/7
  2519 | D:5      | Reached skill level 1 in Maces & Flails
  2665 | D:5      | Reached skill level 1 in Axes
  2898 | D:5      | Reached XP level 7. HP: 55/55 MP: 8/8
  3059 | D:6      | Found a staircase to the Ecumenical Temple.
  3092 | D:5      | HP: 2/55 [worker ant (5)]
  3973 | D:6      | Found a stormy altar of Qazlal.
  4011 | D:6      | HP: 2/55 [poisoned by an adder]
  4019 | D:5      | HP: 2/55 [poisoned by an adder]
  4374 | D:6      | Reached XP level 8. HP: 45/61 MP: 9/9
  4653 | Temple   | Entered the Ecumenical Temple
  4768 | D:6      | Noticed Eustachio
  4831 | D:6      | Lost mutation: You are occasionally teleported next to
                  | monsters. [potion of mutation]
  4831 | D:6      | Gained mutation: You are agile. (Dex +2) [potion of
                  | mutation]
  4831 | D:6      | Gained mutation: Your magical capacity is low. (-10% MP)
                  | [potion of mutation]
  4831 | D:6      | Gained mutation: You have a pair of small horns on your
                  | head. [potion of mutation]
  4831 | D:6      | Gained mutation: You are partially covered in molten
                  | scales. (AC +2) [potion of mutation]
  4837 | D:6      | Killed Eustachio
  5660 | D:7      | Found Leonnargh's Antique Armour Shop.
  5664 | D:7      | Bought a runed cloak for 210 gold pieces
  5817 | D:7      | Found a hazy altar of Hepliaklqana.
  6039 | D:7      | Noticed a yak
  6049 | D:7      | Killed a yak
  6053 | D:7      | Noticed a hornet
  6053 | D:7      | Noticed an efreet
  6060 | D:7      | Slain by a hornet

Illustrated notes

Levels and vault maps discovered:
D:1:      minmay_arrival_solitary_statue, layout_basic
D:2:      layout_basic, minmay_misc_feat_x
D:3:      layout_rooms
D:4:      layout_loops_corners, grunt_temple_overflow_diamond,
          gammafunk_temple_overflow_wave, serial_glass, glass_columns_a,
          glass_columns_a
D:5:      layout_loops_ring
D:6:      cheibrodos_quashed, layout_cave_pools,
          nicolae_qazlal_general_emergency, minmay_temple_entry_butterflies,
          uniq_eustachio
D:7:      nzn_winding_woodlands_small
          [nzn_winding_woodlands_5x15_pathside_ponds,
          nzn_winding_woodlands_center_lodge,
          nzn_winding_woodlands_5x15_parted], layout_basic, old_standard_altar,
          serial_shops, shop
Temple:   compressed_dpeg_circular_temple

Skill      XL: |  1  2  3  4  5  6  7  8 |
---------------+-------------------------+-----
Shields        | 1 2 |  2.3
Fighting       | 4 |  4.6
Polearms       | 3 4 |  4.8
Staves         | 1 2 3 |  3.4
Armour         | 3 4 |  4.3
Maces & Flails | 1 2 3 |  3.7
Axes           | 1 3 |  3.0
Dodging        | 2 |  2.0
Stealth        | |  0.5
Conjurations   | |  0.2
Invocations    | |  2.0
Evocations     | |  0.7

Action                   |  1- 3 |  4- 6 |  7- 9 || total
-------------------------+-------+-------+-------++-------
Melee: Spear             |   107 |    36 |       ||   143
       Kick              |    11 |    31 |    38 ||    80
       Mace              |       |    96 |   160 ||   256
       Headbutt          |       |       |    14 ||    14
Throw: Dart              |       |       |     1 ||     1
Invok: Depart the Abyss  |     1 |       |       ||     1
       Bend Space        |       |     1 |       ||     1
Evoke: Wand              |       |     2 |     8 ||    10
  Use: Potion            |     1 |     5 |     2 ||     8
       Scroll            |       |    10 |     2 ||    12
Armor: Leather armour    |    24 |       |       ||    24
       Ring mail         |    12 |   106 |    65 ||   183
Dodge: Dodged            |    51 |    64 |    70 ||   185
Block: Kite shield       |    27 |    70 |    75 ||   172
